 Dungeon Sprint DCSS version 0.19.4-8-ga85b6b9 (webtiles) character file.

127 TryAgain the Fighter (level 8, -2/78 HPs)
             Began as a Demigod Fighter on Feb 10, 2017.
             Slain by a six-headed hydra (9 damage)
             ... summoned by a witch
             ... in the Dungeon (Sprint VI: "Thunderdome").
             The game lasted 00:09:08 (819 turns).

TryAgain the Fighter (Demigod Fighter)               Turns: 819, Time: 00:09:09

Health: -2/78      AC:  9    Str: 19    XL:     8   Next: 75%
Magic:  23/23      EV: 14    Int: 17    God:
Gold:   255        SH: 14    Dex: 22    Spells: 0 memorised, 7 levels left

rFire  x x .     SeeInvis .     a - +0 trident
rCold  + . .     Gourm    .     s - +1 scale mail {rC+}
rNeg   . . .     Faith    .     c - +0 shield
rPois  +         Spirit   .     (no helmet)
rElec  .         Reflect  +     (no cloak)
rCorr  .         Harm     .     (no gloves)
MR     .....     NoTele   +     (no boots)
Stlth  ++........               q - amulet "Cicumyh" {Reflect +Blink rPois rF- Int+5 SH+2}
                                r - ring of Ysitevom {+Fly rF- Dex+3 Stlth+}
                                p - ring "Aharorpho" {MP+9 Stlth-}

@: no status effects
A: high mp 1
a: Evoke Blink, Evoke Flight


You were in the Dungeon.
You were not hungry.

You visited 1 branch You collected 390 gold pieces.
You spent 135 gold pieces at shops.

Inventory:

Hand Weapons
 a - a +0 trident (weapon)
Armour
 c - a +0 shield (worn)
 s - a +1 scale mail of cold resistance (worn)
Jewellery
 p - the ring "Aharorpho" (left hand) {MP+9 Stlth-}
   (You bought it in a shop in the Dungeon)

   [ring of loudness]

   It affects your magic capacity (+9).
   It makes you less stealthy.
 q - the amulet "Cicumyh" (around neck) {Reflect +Blink rPois rF- Int+5 SH+2}
   (You bought it in a shop in the Dungeon)

   [amulet of reflection]

   It shields you and reflects attacks.
   It affects your intelligence (+5).
   It makes you vulnerable to fire.
   It protects you from poison.
   It lets you blink.
   It affects your SH (+2).
 r - the ring of Ysitevom (right hand) {+Fly rF- Dex+3 Stlth+}
   (You bought it in a shop in the Dungeon)

   [ring of flight]

   It affects your dexterity (+3).
   It makes you vulnerable to fire.
   It lets you fly.
   It makes you more stealthy.
Wands
 l - a wand of acid (0/15)
 m - a wand of iceblast (0/15)
Scrolls
 k - 4 scrolls of blinking
 n - 3 scrolls of fog
Potions
 g - 2 potions of heal wounds
 h - 3 potions of haste
 i - 2 potions of magic
 j - a potion of berserk rage
 o - a potion of resistance
Comestibles
 f - a bread ration


   Skills:
 + Level 9.3 Fighting
 + Level 7.6 Polearms
 + Level 7.9 Armour
 + Level 7.2 Dodging
 + Level 6.2 Stealth
 + Level 7.8 Shields
 - Level 5.0 Evocations


You had 7 spell levels left.
You didn't know any spells.

Dungeon Overview and Level Annotations

Branches:
Dungeon (1/1)

Shops:
D *[%??*?*:[((!!!!


Innate Abilities, Weirdness & Mutations

You have an increased reservoir of magic. (+10% MP)


Message History

The stinking cloud engulfs the six-headed hydra.
The six-headed hydra appears unharmed.
You miss something.
You block the six-headed hydra's attack.
The six-headed hydra bites you!
The six-headed hydra bites you but does no damage.
The six-headed hydra bites you!
* * * LOW HITPOINT WARNING * * *
The six-headed hydra bites you.
* * * LOW HITPOINT WARNING * * *
You block the six-headed hydra's attack.
Something hits you but does no damage.
You hit something but do no damage.
A witch appears from thin air!
Reactivating autopickup.
The six-headed hydra bites you but does no damage.
You block the six-headed hydra's attack.
The six-headed hydra misses you. The six-headed hydra bites you!
* * * LOW HITPOINT WARNING * * *
The six-headed hydra bites you!
You die...

##∩..[..∩## #∩÷......∩#
#_......._# #........_#
#_......._# ###.....)§..###
#⌠..........[⌠#
######§8.......).8.####
##∩___.@p...###......__.
###∩.....Dw.8.# #.8.......
##.......).....###.........
#⌠....†.....###...###......
#⌠.....)....# #.<.# #......
#⌠..........###...###......
##.............###.........
###∩......†.8.# #.8.......
##∩___......###......___


You could see a six-headed hydra, a tyrant leech and a witch.

Vanquished Creatures
  An ogre mage (D)
  A spiny frog (D)
  Prince Ribbit (D)
  Sigmund (D)
  A vampire mosquito (D)
  3 ogres (D)
  4 bullfrogs (D)
  A jelly (D)
  Terence (D)
  5 oozes (D)
  A bat (D)
  A giant cockroach (D)
  A jackal (D)
  A rat (D)
23 creatures vanquished.

Notes
Turn   | Place    | Note
-------+----------+-------------------------------------------
     0 | D        | TryAgain the Demigod Fighter began the quest for the Orb.
     0 | D        | Reached XP level 1. HP: 18/18 MP: 3/3
     1 | D        | Found a stormy altar of Qazlal.
     1 | D        | Found an opulent altar of Gozag.
     2 | D        | Found a hide-covered altar of Uskayaw.
     3 | D        | Found a radiant altar of Vehumet.
     3 | D        | Found a glowing golden altar of the Shining One.
     4 | D        | Found Sysmaclu's Bee Food.
     4 | D        | Found an ancient bone altar of Kikubaaqudgha.
     4 | D        | Found a glowing silver altar of Zin.
     4 | D        | Found Tiodemus's Identification Station.
     5 | D        | Found Doockosi's Jewellery.
     5 | D        | Found Vocoituj's Advanced Armour.
     5 | D        | Round 1.
    13 | D        | Bought a glittering copper ring for 45 gold pieces
    13 | D        | Bought a wavering garnet amulet for 45 gold pieces
    13 | D        | Bought a scintillating ivory ring for 45 gold pieces
    13 | D        | Identified the ring "Aharorpho" {MP+9 Stlth-} (You bought it in a shop in the Dungeon)
    14 | D        | Identified the amulet "Cicumyh" {Reflect +Blink rPois rF- Int+5 SH+2} (You bought it in a shop in the Dungeon)
    15 | D        | Identified the ring of Ysitevom {+Fly rF- Dex+3 Stlth+} (You bought it in a shop in the Dungeon)
    19 | D        | Found a bloodstained altar of Trog.
    22 | D        | Found a basalt altar of Yredelemnul.
    25 | D        | Found Muboischu's Premium Goods.
    26 | D        | Found a deep blue altar of Sif Muna.
    26 | D        | Found a blossoming altar of Fedhas.
    26 | D        | Found Ymuarch's Weapon Rack.
    26 | D        | Found Wamiam's Miscellaneous Merchandise.
    26 | D        | Found Podoclel's Basic Armour.
    31 | D        | Found a snail-covered altar of Cheibriados.
    32 | D        | Found an iron altar of Okawaru.
    51 | D        | Found a shimmering altar of Xom.
    51 | D        | Found Kishrih's Do-It-Yourself Clinic.
    53 | D        | Found Cyhokon's Bottled Wisdom.
    53 | D        | Found Etomiesm's Distillery.
    53 | D        | Found a corrupted altar of Lugonu.
    53 | D        | Found a viscous altar of Jiyva.
    53 | D        | Found Dirch's Distillery.
    57 | D        | Found a roughly hewn altar of Beogh.
    60 | D        | Found a shadowy altar of Dithmenos.
    61 | D        | Noticed Terence
    61 | D        | Found a sacrificial altar of Ru.
    62 | D        | Found Rasufeap's Staff Store.
    63 | D        | Found a burning altar of Makhleb.
    63 | D        | Found Ceocergh's Magic Scroll Shop.
    64 | D        | Reached skill level 3 in Fighting
    69 | D        | Killed Terence
    69 | D        | Reached skill level 4 in Fighting
    69 | D        | Reached skill level 1 in Dodging
    69 | D        | Reached XP level 2. HP: 23/27 MP: 4/4
    69 | D        | Noticed Sigmund
    70 | D        | Found Pissoras's Must-Have Magic.
    70 | D        | Found Uttuxt's Magic Scroll Shop.
    72 | D        | Killed Sigmund
    72 | D        | Reached skill level 6 in Fighting
    72 | D        | Reached skill level 5 in Armour
    72 | D        | Reached skill level 5 in Shields
    72 | D        | Reached XP level 3. HP: 24/38 MP: 5/5
    72 | D        | Reached XP level 4. HP: 29/45 MP: 6/6
    72 | D        | Reached XP level 5. HP: 32/51 MP: 7/7
   147 | D        | Arena points: 14 (+14) [x2]
   202 | D        | Round 2.
   297 | D        | Arena points: 56 (+42) [x3]
   363 | D        | Round 3.
   363 | D        | Noticed an ogre
   372 | D        | Killed an ogre
   372 | D        | Reached skill level 7 in Fighting
   372 | D        | Reached skill level 5 in Polearms
   372 | D        | Reached XP level 6. HP: 60/60 MP: 8/8
   447 | D        | Reached skill level 1 in Evocations
   458 | D        | Reached skill level 5 in Dodging
   487 | D        | Noticed an ogre mage
   500 | D        | Paralysed by an ogre mage for 3 turns
   503 | D        | Killed an ogre mage
   503 | D        | Reached skill level 8 in Fighting
   503 | D        | Reached skill level 5 in Stealth
   503 | D        | Reached XP level 7. HP: 53/69 MP: 13/13
   517 | D        | Noticed a two-headed ogre
   537 | D        | Arena points: 71 (+15) [x1]
   552 | D        | Round 4.
   554 | D        | Noticed a spiny frog
   554 | D        | Noticed Prince Ribbit
   567 | D        | Reached XP level 8. HP: 39/75 MP: 14/14
   584 | D        | Killed a spiny frog
   584 | D        | Reached skill level 9 in Fighting
   598 | D        | Killed Prince Ribbit
   634 | D        | Reached skill level 5 in Evocations
   724 | D        | Arena points: 127 (+56) [x2]
   766 | D        | Round 5.
   771 | D        | Noticed a witch
   813 | D        | Noticed a tyrant leech
   814 | D        | Noticed a six-headed hydra
   819 | D        | Slain by a six-headed hydra

Skill      XL: |  1  2  3  4  5  6  7  8 |
---------------+-------------------------+-----
Fighting       | 4 6 7 8 9 |  9.3
Polearms       | 2 4 5 6 7 |  7.6
Armour         | 3 5 7 |  7.9
Dodging        | 1 3 4 6 7 |  7.2
Shields        | 3 5 7 |  7.8
Stealth        | 2 5 6 |  6.2
Evocations     | 4 5 |  5.0

Action                   |  1- 3 |  4- 6 |  7- 9 || total
-------------------------+-------+-------+-------++-------
Melee: Trident           |    12 |    46 |    79 ||   137
Evoke: Wand              |     2 |     8 |       ||    10
  Use: Potion            |       |       |     5 ||     5
Armor: Scale mail        |     5 |    10 |    27 ||    42
Dodge: Dodged            |       |    11 |    42 ||    53
Block: Shield            |     7 |    22 |    49 ||    78
